 Dungeon Crawl Stone Soup version 0.31-a0-819-gf6de2f5ab6 (webtiles) character file.

Game seed: 4684246996796506221

387 qw the Shooter (level 6, -6/44 HPs)
             Began as a Gargoyle Hunter on Sept 23, 2023.
             Mangled by a gnoll
             ... wielding a +0 halberd
              (14 damage)
             ... on level 5 of the Dungeon.
             The game lasted 00:01:05 (2715 turns).

qw the Shooter (Gargoyle Hunter)                    Turns: 2715, Time: 00:01:06

Health: -6/44      AC:  7    Str: 23    XL:     6   Next: 78%
Magic:  6/6        EV: 12    Int:  7    God:
Gold:   184        SH:  0    Dex: 19    Spells: 5/5 levels left

rFire   . . .        Y - +0 orcbow
rCold   . . .        (shield currently unavailable)
rNeg    + . .        c - +0 leather armour
rPois   inf          (no helmet)
rElec   +            (no cloak)
rCorr   .            (no gloves)
SInv    .            (no boots)
Will    .....        g - amulet of faith
Stlth   ++           d - +6 ring of dexterity
HPRegen 0.27/turn    (no ring)
MPRegen 0.10/turn

%: faith
@: about to teleport
A: sickness immunity, AC +4, negative energy resistance 1, electricity
resistance, torment resistance 1, petrification resistance, robust 1, strong 2
a: no special abilities


You were on level 5 of the Dungeon.
You visited 1 branch of the dungeon, and saw 5 of its levels.

You collected 184 gold pieces.


Innate Abilities, Weirdness & Mutations

You are immune to sickness and miasma.
Your stone body is resilient. (AC +4)
You are immune to poison.
You resist negative energy. (rN+)
You are resistant to electric shocks. (rElec)
You are resistant to unholy torment.
You are immune to petrification.
You are robust. (+10% HP)
Your muscles are very strong. (Str +8, Int/Dex -2)


   Skills:
 - Level 4.8 Fighting
 + Level 6.4 Ranged Weapons
 - Level 2.3 Dodging
 - Level 1.1 Stealth


You had 5 spell levels left.
You didn't know any spells.
Your spell library was empty.

Inventory:

Hand Weapons
 Y - a +0 orcbow (weapon)
Armour
 b - a +0 ring mail
 c - a +0 leather armour (worn)
Jewellery
 d - a +6 ring of dexterity (left hand)
 g - an amulet of faith (around neck)
Scrolls
 a - a scroll of identify
 e - a scroll of teleportation
Potions
 f - a potion of curing
 h - a potion of might
 i - a potion of attraction {unknown}
 j - a potion of ambrosia {unknown}

Dungeon Overview and Level Annotations

Branches:
Dungeon (5/15)
 Temple: D:4-7

Altars:
Ru


Message History

The gnoll hits you from afar with a +0 spear.
A gnoll comes into view. It is wielding a +2 vampiric whip.
The gnoll shouts!
Enter note:
2704 |||
Found retreat position at -1,0 (floor) with 0 blocking monsters and 2 monsters attacking at destination at distance 1
2704 ||| Stepping ~*~*~tactically~*~*~ (retreating).
You shoot an arrow. The arrow hits the gnoll bouda!
You kill the gnoll bouda!
The gnoll hits you from afar with a +0 spear.
You shoot an arrow. The arrow closely misses the gnoll.
The gnoll closely misses you.
You shoot an arrow. The arrow hits the gnoll!
You kill the gnoll!
The gnoll is no longer moving quickly.
You shoot an arrow. The arrow barely misses the gnoll.
The gnoll closely misses you.
You shoot an arrow. The arrow hits the gnoll!
The gnoll is almost dead.
The gnoll hits you from afar with a +0 spear. x2
You shoot an arrow. The arrow hits the gnoll.
You kill the gnoll!
You shoot an arrow. The arrow hits the gnoll!
You kill the gnoll!
The gnoll is no longer moving quickly.
You shoot an arrow. The arrow hits the gnoll.
The gnoll is lightly wounded.
Your attacks no longer feel as feeble.
The gnoll hits you with a +0 flail.
You shoot an arrow. The arrow barely misses the gnoll.
The gnoll closely misses you.
You shoot an arrow. The arrow hits the gnoll.
The gnoll is moderately wounded.
The gnoll closely misses you. x2
The gnoll hits you from afar with a +0 halberd!
2715 ||| READING 2 scrolls of teleportation.
As you read the scroll of teleportation, it crumbles to dust.
You feel strangely unstable. The gnoll hits you but does no damage.
The gnoll hits you from afar with a +0 halberd!
You die...

######## #......#
########......#
......##......######
......##........@gg#
......##......####g##
..............# #.c#
.......######## ##)#
......## .g.g ......#
#.##g.. .###### #g


cg... .# #g ##.. . #. . You could see a centaur and 3 gnolls.

Vanquished Creatures
  A black bear (D:5)
  An orc priest (D:2)
  A gnoll bouda (D:5)
  An iguana (D:5)
  2 orc wizards
  5 adders
  4 gnolls (D:5)
  A worm (D:4)
  2 dart slugs (D:3)
  7 orcs
  8 bats
  4 endoplasms
  6 giant cockroaches
  4 goblins
  6 hobgoblins
  2 jackals (D:2)
  7 kobolds
  2 quokkas
  2 ball pythons
  A frilled lizard (D:3)
  11 rats
78 creatures vanquished.

Notes
Turn   | Place    | Note
-------+----------+-------------------------------------------
     0 | D:1      | qw the Gargoyle Hunter began the quest for the Orb.
     0 | D:1      | Reached XP level 1. HP: 12/12 MP: 1/1
     0 | D:1      | 0 ||| qw: Version: 0.3-a-83-gcd0e7d8
     0 | D:1      | 0 ||| qw: Game counter: 1432
     0 | D:1      | 0 ||| qw: Melee chars always use a shield: true
     0 | D:1      | 0 ||| qw: God list: Okawaru
     0 | D:1      | 0 ||| qw: Allow faded altars: false
     0 | D:1      | 0 ||| qw: Do Orc after clearing Dungeon:15 true
     0 | D:1      | 0 ||| qw: Do second Lair branch before Depths: true
     0 | D:1      | 0 ||| qw: Lair rune preference: random
     0 | D:1      | 0 ||| qw: Goals: Normal
     0 | D:1      | 0 ||| PLANNING D:1-11
    17 | D:1      | 17 ||| SWAPPING to +0 orcbow.
    18 | D:1      | 18 ||| DROPPING +0 shortbow.
   495 | D:1      | Reached XP level 2. HP: 17/17 MP: 2/2
   597 | D:1      | 597 ||| UPGRADING to amulet of faith.
   602 | D:1      | 602 ||| READING scroll labelled ECLICIV NUYNER.
   603 | D:1      | 603 ||| DRINKING 2 viscous purple potions.
   604 | D:1      | 604 ||| DRINKING 3 fizzy yellow potions.
   605 | D:1      | 605 ||| DROPPING scroll of butterflies.
   689 | D:2      | 689 ||| STAIRDANCE
   826 | D:2      | Found a faded altar of an unknown god.
   838 | D:2      | Reached skill level 5 in Ranged Weapons
   838 | D:2      | Reached XP level 3. HP: 21/21 MP: 3/3
   846 | D:2      | 846 ||| Stepping ~*~*~tactically~*~*~ (retreating).
   847 | D:2      | 847 ||| Stepping ~*~*~tactically~*~*~ (retreating).
   848 | D:2      | 848 ||| Stepping ~*~*~tactically~*~*~ (retreating).
   849 | D:2      | 849 ||| Stepping ~*~*~tactically~*~*~ (retreating).
   855 | D:2      | 855 ||| Stepping ~*~*~tactically~*~*~ (retreating).
   856 | D:2      | HP: 4/21 [adder (2)]
   857 | D:2      | 857 ||| DRINKING potion of heal wounds.
   858 | D:2      | 858 ||| Stepping ~*~*~tactically~*~*~ (retreating).
   859 | D:2      | 859 ||| Stepping ~*~*~tactically~*~*~ (retreating).
   860 | D:2      | 860 ||| Stepping ~*~*~tactically~*~*~ (retreating).
   861 | D:2      | 861 ||| Stepping ~*~*~tactically~*~*~ (retreating).
   868 | D:2      | Reached XP level 4. HP: 25/27 MP: 4/4
   874 | D:2      | 874 ||| DRINKING 2 potions of curing.
   874 | D:2      | 874 ||| (to cure confusion)
   880 | D:2      | Reached skill level 3 in Fighting
   909 | D:2      | Identified the +8 dagger "Papsas" {heavy, rPois rC+}
  1219 | D:2      | 1219 ||| UPGRADING to +6 ring of dexterity.
  1220 | D:2      | 1220 ||| READING scroll labelled CEOKEO VELERGH.
  1221 | D:2      | 1221 ||| READING 2 scrolls labelled ACELOG VOYKE.
  1224 | D:2      | 1224 ||| READING scroll labelled OSAJIESEISS.
  1225 | D:2      | 1225 ||| READING 2 scrolls of identify.
  1225 | D:2      | 1225 ||| IDENTIFYING pink potion
  1335 | D:3      | Reached XP level 5. HP: 32/32 MP: 5/5
  1440 | D:3      | Found a sacrificial altar of Ru.
  2019 | D:4      | Reached skill level 6 in Ranged Weapons
  2452 | D:4      | 2452 ||| READING scroll labelled HAIT NOUSESAESS.
  2475 | D:4      | 2475 ||| READING scroll labelled HOFOOTUDIPS.
  2476 | D:4      | 2476 ||| DRINKING 2 ruby potions.
  2476 | D:4      | Gained mutation: You are dopey. (Int -2) [potion of
                  | mutation]
  2476 | D:4      | Gained mutation: You sometimes lose your temper in combat.
                  | [potion of mutation]
  2476 | D:4      | Gained mutation: Your muscles are strong. (Str +4, Int/Dex
                  | -1) [potion of mutation]
  2477 | D:4      | 2477 ||| DRINKING potion of mutation.
  2477 | D:4      | Lost mutation: You are dopey. (Int -2) [potion of mutation]
  2477 | D:4      | Lost mutation: You sometimes lose your temper in combat.
                  | [potion of mutation]
  2477 | D:4      | Gained mutation: Your muscles are very strong. (Str +8,
                  | Int/Dex -2) [potion of mutation]
  2477 | D:4      | Gained mutation: You are robust. (+10% HP) [potion of
                  | mutation]
  2487 | D:4      | 2487 ||| READING 2 scrolls of identify.
  2487 | D:4      | 2487 ||| IDENTIFYING viscous inky potion
  2488 | D:4      | 2488 ||| DROPPING potion of brilliance.
  2517 | D:5      | Entered Level 5 of the Dungeon
  2519 | D:5      | 2519 ||| STAIRDANCE
  2522 | D:4      | 2522 ||| DRINKING 2 potions of curing.
  2522 | D:4      | 2522 ||| (to cure confusion)
  2526 | D:5      | 2526 ||| STAIRDANCE
  2542 | D:5      | 2542 ||| STAIRDANCE
  2586 | D:5      | Reached XP level 6. HP: 41/41 MP: 6/6
  2646 | D:5      | Noticed a black bear
  2649 | D:5      | Killed a black bear
  2691 | D:5      | 2691 ||| Stepping ~*~*~tactically~*~*~ (retreating).
  2703 | D:5      | 2703 ||| Stepping ~*~*~tactically~*~*~ (retreating).
  2704 | D:5      | 2704 ||| Stepping ~*~*~tactically~*~*~ (retreating).
  2714 | D:5      | HP: 8/44 [gnoll/+0 halberd (7)]
  2715 | D:5      | 2715 ||| READING 2 scrolls of teleportation.
  2715 | D:5      | Mangled by a gnoll

Levels and vault maps discovered:
D:1:      scummos_arrival_star, layout_basic
D:2:      layout_basic, shapermc_ecumenical_altar_notcrosses
D:3:      layout_basic, nicolae_overflow_crystal_walls
D:4:      layout_rooms, serial_corexii_hall, corexii_hall_statues_x,
          corexii_hall_statues_t, chequers_hall_statues_wall_a
D:5:      minmay_general_purpose_star, layout_basic

Skill      XL: |  1  2  3  4  5  6 |
---------------+-------------------+-----
Ranged Weapons | 5 6 |  6.4
Fighting       | 3 4 |  4.8
Dodging        | 2 |  2.3
Stealth        | |  1.1

Action                     |  1- 3 |  4- 6 || total
---------------------------+-------+-------++-------
   Fire: Orcbow            |    95 |   138 ||   233
    Use: Potion            |     3 |     4 ||     7
         Scroll            |     1 |     8 ||     9
 Armour: Leather armour    |    49 |    42 ||    91
  Dodge: Dodged            |    42 |    35 ||    77

Table legend:
 A = Non-vault XP
 B = Vault XP
 C = Vault XP percentage of total XP
 D = Non-vault monster count
 E = Vault monster count
 F = Vault count percentage of total count
                 A         B        C        D         E       F
            +---------+---------+-------+---------+---------+-------
      Total |     554 |       0 |   0.0 |      78 |       0 |   0.0
            +---------+---------+-------+---------+---------+-------
        D:1 |      12 |       0 |   0.0 |       7 |       0 |   0.0
        D:2 |     142 |       0 |   0.0 |      28 |       0 |   0.0
        D:3 |      55 |       0 |   0.0 |      24 |       0 |   0.0
        D:4 |      75 |       0 |   0.0 |      11 |       0 |   0.0
        D:5 |     270 |       0 |   0.0 |       8 |       0 |   0.0
            +---------+---------+-------+---------+---------+-------
